 Dungeon Crawl Stone Soup version 0.28-a0-1212-gc6b4282bc0 (webtiles) character file.

Game seed: 16594776178263920861

1157 Htamos the Thaumaturge (level 8, -2/41 HPs)
             Began as a Deep Elf Conjurer on Dec 21, 2021.
             Slain by a phantom (5 damage)
             ... on level 5 of the Dungeon.
             The game lasted 00:11:10 (6392 turns).

Htamos the Thaumaturge (Deep Elf Conjurer)          Turns: 6392, Time: 00:11:10

Health: -2/41      AC:  3    Str:  4    XL:     8   Next: 16%
Magic:  9/23       EV: 14    Int: 26    God:
Gold:   148        SH:  0    Dex: 13    Spells: 16/25 levels left

rFire   . . .      SeeInvis .   b - +2 dagger (venom)
rCold   . . .      Faith    +   (no shield)
rNeg    . . .      Spirit   .   a - +0 robe
rPois   .          Reflect  .   (no helmet)
rElec   .          Harm     .   (no cloak)
rCorr   .          Rampage  .   (no gloves)
Will    .....                   d - +0 pair of boots
Stlth   ++........              l - amulet of faith
HPRegen 0.13/turn               (no ring)
MPRegen 0.18/turn               (no ring)

@: about to teleport
A: no striking features
a: no special abilities


You were on level 5 of the Dungeon.
You visited 2 branches of the dungeon, and saw 6 of its levels.

You collected 148 gold pieces.

Inventory:

Hand Weapons
 b - a +2 dagger of venom (weapon)
 s - a +0 short sword of flaming
 x - a +0 mace of holy wrath
Armour
 a - a +0 robe (worn)
 d - a +0 pair of boots (worn)
Jewellery
 l - an amulet of faith (around neck)
 t - an amulet of guardian spirit
Scrolls
 c - 2 scrolls of teleportation
 e - 7 scrolls of identify {unknown}
 f - a scroll of vulnerability {unknown}
 g - 2 scrolls of fog {unknown}
 j - 2 scrolls of fear {unknown}
 m - 2 scrolls of magic mapping {unknown}
 o - a scroll of enchant weapon {unknown}
 q - a scroll of acquirement {unknown}
 u - a scroll of immolation {unknown}
 w - a scroll of blinking {unknown}
Potions
 h - a potion of resistance {unknown}
 i - 2 potions of magic {unknown}
 k - a potion of cancellation {unknown}
 n - a potion of attraction {unknown}
 p - a potion of curing {@qc}
 r - a potion of heal wounds {unknown}
 v - a potion of might {unknown}


   Skills:
 + Level 6.2 Dodging
 - Level 2.6 Stealth
 * Level 9.4 Spellcasting
 + Level 6.9 Conjurations


You had 16 spell levels left.
You knew the following spells:

 Your Spells              Type           Power      Damage    Failure   Level
a - Magic Dart            Conj           100%       1d8       1%          1
b - Fulminant Prism       Conj/Hex       15%        3d11      12%         4
c - Iskenderun's Mystic   Conj/Tloc      30%        2d8       12%         4

Your spell library contained the following spells:

 Spells                   Type           Power      Damage    Failure   Level
 Searing Ray              Conj           96%        2d7       1%          2
 Dazzling Flash           Conj/Hex       60%        N/A       3%          3
 Freeze                   Ice            48%        1d7       4%          1
 Ensorcelled Hibernation  Hex/Ice        24%        N/A       8%          2
 Hailstorm                Conj/Ice       30%        3d8       12%         4
 Frozen Ramparts          Ice            24%        1d4       14%         3
 Spider Form              Tmut/Pois      12%        N/A       14%         3
 Dispersal                Tloc           6%         N/A       100%        6
 Disjunction              Tloc           6%         N/A       100%        8


Dungeon Overview and Level Annotations

Branches:
Dungeon (5/15)             Temple (1/1) D:4

Altars:
Ashenzari
Cheibriados
Dithmenos
Elyvilon
Gozag
Makhleb
Nemelex Xobeh
Okawaru
Qazlal
Trog
Uskayaw
Wu Jian
Zin
The Shining One

Shops:
D:4 *


Message History

Confirm with . or Enter, or press ? or * to list all spells.
The spell is quite dangerous to miscast (12% risk of failure)!
Continue anyway?
Aiming: Fulminant Prism (quite dangerous; 12% risk of failure)
Press: ? - help, Dir - move target, p - phantom You conjure a prism of explosive energy!
A fulminant prism comes into view.
The phantom closely misses you.
Your fulminant prism crackles loudly.
Your fulminant prism explodes!
A water moccasin zombie comes into view.
As you read the scroll of teleportation, it crumbles to dust.
You feel strangely unstable. The phantom hits you!
* * * LOW HITPOINT WARNING * * *
Unknown command.
You hit the phantom.
The phantom is severely damaged.
The water moccasin zombie barely misses you.
The phantom misses you.
Unknown command.
Casting: Fulminant Prism (quite dangerous; 12% risk of failure)
Confirm with . or Enter, or press ? or * to list all spells.
Aiming: Magic Dart (safe; 1% risk of failure)
Press: ? - help, Shift-Dir - straight line, f - water moccasin zombie
Aim: a water moccasin zombie (100% to hit)
The magic dart hits the water moccasin zombie!
The water moccasin zombie is lightly damaged.
The water moccasin zombie bites you.
* * * LOW HITPOINT WARNING * * *
The phantom barely misses you.
Casting: Magic Dart (safe; 1% risk of failure)
Confirm with . or Enter, or press ? or * to list all spells.
Aiming: Magic Dart (safe; 1% risk of failure)
Press: ? - help, Shift-Dir - straight line, f/p - water moccasin zombie
Aim: a water moccasin zombie (lightly damaged, 100% to hit)
The magic dart hits the water moccasin zombie.
The water moccasin zombie is moderately damaged.
The water moccasin zombie bites you.
* * * LOW HITPOINT WARNING * * *
The phantom hits you.
You die... ≈≈≈≈≈#.#.#)....# $($"

#.# ≈≈≈≈≈ #[....#.# ..(##.##
≈≈≈≈≈ #.....#.# $'#...#' ≈≈≈≈≈
#)....#.######.....##### ≈≈≈≈#
#)....#.'..............5 ≈≈≈##
#.....#.###..........§## ≈≈##
#)....#.#.##.........## ≈##
##.....#Z#..##.......## ##
##...Y#.#@#.$.'.......'
#####.....#.#W#..##.......##
#...........#.#.##....#....#
#.........Z.#.#. #..##'##..#
#...........#.# #.##...##.#
####...........#.####'#######'###
..##...........#.................
..##...........######.###........
..##...........# #.# ####.#.#'


You could see a phantom and a water moccasin zombie.

Vanquished Creatures
  Eustachio (D:5)
  A vampire mosquito (D:5)
  A water moccasin (D:5)
  An orc warrior (D:5)
  A phantom (D:5)
  Blork the orc (D:5)
  A scorpion (D:4)
  2 water moccasin skeletons (D:4)
  An orc priest (D:4)
  A hound (D:4)
  A gnoll shaman (D:5)
  Terence (D:2)
  2 iguanas (D:4)
  2 orc wizards (D:4)
  2 hound skeletons
  5 gnolls
  An adder (D:3)
  An ufetubus (D:5)
  10 orcs (D:4)
  5 ball pythons
  12 endoplasms
  4 giant cockroaches
  4 goblins
  5 hobgoblins
  3 jackals (D:2)
  8 kobolds
  A quokka (D:4)
  9 bats
  2 frilled lizards (D:1)
  3 rats
92 creatures vanquished.

Vanquished Creatures (others)
  14 fulminant prisms (D:5)
14 creatures vanquished.

Grand Total: 106 creatures vanquished

Notes
Turn   | Place    | Note
-------+----------+-------------------------------------------
     0 | D:1      | Htamos the Deep Elf Conjurer began the quest for the Orb.
     0 | D:1      | Reached XP level 1. HP: 10/10 MP: 6/6
   231 | D:1      | Reached XP level 2. HP: 15/15 MP: 5/8
  1000 | D:2      | Found a faded altar of an unknown god.
  1126 | D:2      | Reached XP level 3. HP: 19/19 MP: 6/10
  1252 | D:2      | Reached skill level 4 in Spellcasting
  1954 | D:3      | Found a shadowy altar of Dithmenos.
  2105 | D:3      | Found an ornate altar of the Wu Jian Council.
  2186 | D:3      | Noticed Terence
  2223 | D:2      | Killed Terence
  2224 | D:2      | Reached XP level 4. HP: 12/24 MP: 1/12
  2886 | D:4      | Reached skill level 5 in Conjurations
  3011 | D:4      | Reached skill level 5 in Spellcasting
  3182 | D:4      | Reached XP level 5. HP: 28/28 MP: 8/14
  3491 | D:4      | Reached skill level 6 in Spellcasting
  3491 | D:4      | Reached XP level 6. HP: 32/32 MP: 12/17
  3790 | D:4      | Found a staircase to the Ecumenical Temple.
  3820 | Temple   | Entered the Ecumenical Temple
  4146 | D:4      | Found Apruph's Assorted Antiques.
  4193 | D:4      | Found an opulent altar of Gozag.
  4194 | D:4      | Found a sparkling altar of Nemelex Xobeh.
  4262 | D:4      | Reached skill level 7 in Spellcasting
  4393 | D:4      | Learned a level 4 spell: Fulminant Prism
  4398 | D:4      | Learned a level 4 spell: Iskenderun's Mystic Blast
  4620 | D:5      | Entered Level 5 of the Dungeon
  4745 | D:3      | HP: 1/32 [black bear (5)]
  5355 | D:5      | Noticed a vampire mosquito
  5355 | D:5      | Noticed an orc warrior
  5359 | D:5      | Killed a vampire mosquito
  5359 | D:5      | Killed an orc warrior
  5360 | D:5      | Reached skill level 5 in Dodging
  5360 | D:5      | Reached skill level 8 in Spellcasting
  5360 | D:5      | Reached XP level 7. HP: 27/36 MP: 9/20
  5797 | D:5      | Noticed Eustachio
  5830 | D:5      | Killed Eustachio
  5831 | D:5      | Reached skill level 9 in Spellcasting
  6116 | D:5      | Noticed Blork the orc
  6121 | D:5      | Killed Blork the orc
  6122 | D:5      | Reached XP level 8. HP: 41/41 MP: 14/23
  6392 | D:5      | Slain by a phantom

Illustrated notes

Levels and vault maps discovered:
D:1:      dpeg_arrival_round_a, layout_basic
D:2:      layout_basic, chequers_ecumenical_altar_simple_redux
D:3:      layout_loops_ring, grunt_dithmenos_smoke_and_mirrors,
          lemuel_crystal_altar, uniq_terence
D:4:      layout_loops_ring, grunt_temple_overflow_opulence, temple_green,
          serial_shops, shop, minmay_hedge_maze, grunt_ministairs_2
D:5:      kennysheep_big_flooded_room, layout_basic, minmay_pentangle,
          uniq_eustachio, uniq_blork_the_orc
Temple:   jpeg_temple_alley_garden

Skill      XL: |  1  2  3  4  5  6  7 |
---------------+----------------------+-----
Dodging        | 3 4 5 6 |  6.2
Spellcasting   | 4 5 6 8 9 |  9.4
Conjurations   | 5 6 |  6.9
Stealth        | |  2.6

Action                   |  1- 3 |  4- 6 |  7- 9 || total
-------------------------+-------+-------+-------++-------
Melee: Dagger            |     3 |     1 |    11 ||    15
 Cast: Magic Dart        |    89 |   123 |    30 ||   242
       Fulminant Prism   |       |     2 |    12 ||    14
  Use: Scroll            |       |       |     4 ||     4
       Potion            |       |       |     1 ||     1
Armor: Robe              |     2 |     5 |     2 ||     9
Dodge: Dodged            |    12 |    31 |    21 ||    64

Table legend: (Time is in decaauts)
 A = Elapsed time spent in this place.
 B = Non-inter-level travel time spent in this place.
 C = Inter-level travel time spent in this place.
 D = Time resting spent in this place.
 E = Time spent auto-exploring this place.
 F = Levels seen in this place.
 G = Mean time per level.
                   A        B        C        D        E       F      G
               +--------+--------+--------+--------+--------+-----+--------+
         Total |   6396 |   6093 |    303 |   1146 |   4230 |   6 | 1066.0 |
       Dungeon |   6168 |   5918 |    250 |   1146 |   4060 |   5 | 1233.6 |
        Temple |    227 |    174 |     53 |      0 |    170 |   1 |  227.0 |
               +--------+--------+--------+--------+--------+-----+--------+

Top non-repeatable levels by time:
     D:4: 1693 daAuts
     D:2: 1402 daAuts
     D:5: 1107 daAuts
     D:3: 1037 daAuts
     D:1: 927 daAuts
  Temple: 227 daAuts
